 Dungeon Crawl Stone Soup version 0.14-a0-2071-g7172c92 (webtiles) character file.

774 Egon the Skirmisher (level 7, 59/62 HPs)
             Began as a Purple Draconian Berserker on Jan 23, 2014.
             Was an Elder of Trog.
             Quit the game on Level 5 of the Dungeon.
             The game lasted 00:11:33 (4366 turns).

Egon the Skirmisher (Purple Draconian Berserker)    Turns: 4366, Time: 00:11:33

HP  59/62        AC  9     Str 22      XL: 7   Next: 21%
MP   7/7         EV 14     Int  8      God: Trog [****..]
Gold 159         SH  0     Dex 12      Spells:  0 memorised,  6 levels left

rFire  . . .     SeeInvis .     a - +0 hand axe
rCold  . . .     Clarity  .     (armour unavailable)
rNeg   . . .     Conserve .     (no shield)
rPois  .         rCorr    .     t - +0 orc hat
rElec  .         rRot     .     A - +2 dwarf cloak
SustAb . .       Spirit   .     (no gloves)
rMut   .         Warding  .     (no boots)
Saprov . . .     Stasis   .     (no amulet)
MR     +....                    (no ring)
                                o - +3 ring of strength

@: exhausted, slowed, very slow, somewhat resistant to hostile enchantments,
unstealthy
A: breathe power, unfitting armour, AC +6
a: Breathe Dispelling Energy, Burn Spellbooks, Berserk, Trog's Hand, Brothers in
Arms, Renounce Religion


You were on level 5 of the Dungeon.
You worshipped Trog.
Trog was greatly pleased with you.
You were near starving.

You visited 1 branch of the dungeon, and saw 5 of its levels.

You collected 159 gold pieces.

Inventory:

Hand weapons
 a - a +0,+0 hand axe (weapon)
 D - the cursed -2,+0 whip "Schirghio" {vamp, Int+3, unknown}
   (You found it on level 5 of the Dungeon)

   It inflicts no extra harm, but heals its wielder somewhat when it strikes a
   living foe.
   It affects your intelligence (+3).
   It has a curse placed upon it.
Armour
 t - a +0 orcish hat (worn)
 A - a +2 dwarven cloak (worn)
Comestibles
 c - 4 bread rations
 f - 3 meat rations
 i - 9 strawberries
 n - a cheese
 B - a chunk of quokka flesh
Scrolls
 e - 2 scrolls of enchant weapon II {unknown}
 j - 2 scrolls of enchant weapon I {unknown}
 k - 3 scrolls of recharging {unknown}
 p - 2 scrolls of curse armour {unknown}
 q - 4 scrolls of teleportation {unknown}
 s - 2 scrolls of curse jewellery {unknown}
 v - a scroll of immolation {unknown}
 x - 2 scrolls of blinking {unknown}
 y - a scroll of enchant armour {unknown}
 z - 2 scrolls of remove curse
 E - a scroll of identify
Jewellery
 o - a +3 ring of strength (left hand)
 r - an uncursed ring of teleportation
 u - a +2 ring of strength
Potions
 b - a potion of might
 d - 3 potions of heal wounds
 g - 2 potions of resistance
 h - a potion of restore abilities
 l - a potion of curing
 m - a potion of flight
 w - a potion of invisibility {unknown}
 C - a potion of beneficial mutation {unknown}


   Skills:
 + Level 5.8 Fighting
 + Level 5.3 Axes
 + Level 5.0 Dodging


You had 6 spell levels left.
You didn't know any spells.

Dungeon Overview and Level Annotations

Branches:
Dungeon (5/16)
 Temple: D:4-7

Altars:
Ashenzari
Sif Muna
the Shining One


Message History

The phantom misses you.
Use which ability? (? or * to list)
Press: ? - help, Shift-Dir - straight line, f - phantom
Aim: a phantom (severely damaged)
You spit a bolt of dispelling energy.
The bolt of dispelling energy hits the phantom.
The phantom is almost destroyed.
You are near starving!
The phantom misses you.
The phantom hits you but does no damage.
You barely miss the phantom. You tail-slap the phantom.
You destroy the phantom!
Your Dodging skill increases to level 5!
Things that are here:
an orcish club; a goblin corpse You offer a prayer to Trog.
The goblin corpse is consumed in a column of flame.
Trog is greatly pleased with you.
You have got your breath back.
Are you sure you want to abandon this character and quit the game? (Confirm with "yes".)

....#.. (.# .....#... #
....... # #.....####### #
.#######.....##....#####
.............#..........
.............#..........
..............#..........
.......>@................
..........#####.#..#....#
...##.....###...#'##+##.#
###....##.........#.#
...........#.........#..
..........#............
...........+............
...........#............
.....................#..


There were no monsters in sight!

Vanquished Creatures
  A phantom (D:5)
  A centaur (D:5)
  An orc wizard (D:5)
  A hound (D:4)
  A scorpion (D:4)
  A centaur skeleton (D:4)
  6 worker ants
  4 gnolls (D:2)
  5 adders
  4 worms
  2 giant eyeballs (D:5)
  2 oozes
  8 orcs
  9 bats
  3 goblins
  7 hobgoblins
  4 jackals
  A quokka (D:5)
  8 giant cockroaches
  7 giant geckos
  7 giant newts
  6 kobolds
  A quokka skeleton (D:4)
  12 rats
102 creatures vanquished.

Notes
Turn   | Place    | Note
--------------------------------------------------------------
     0 | D:1      | Egon, the Draconian Berserker, began the quest for the Orb.
     0 | D:1      | Reached XP level 1. HP: 19/19 MP: 1/1
   111 | D:1      | Reached XP level 2. HP: 23/26 MP: 2/2
   510 | D:1      | Acquired Trog's second power
   818 | D:2      | Reached XP level 3. HP: 20/33 MP: 3/3
  1135 | D:2      | Reached skill level 4 in Fighting
  1143 | D:2      | Reached XP level 4. HP: 36/40 MP: 4/4
  2074 | D:3      | Reached XP level 5. HP: 40/47 MP: 5/5
  2120 | D:3      | Found a shattered altar of Ashenzari.
  2121 | D:3      | Found a glowing golden altar of the Shining One.
  2708 | D:4      | Reached skill level 5 in Fighting
  2774 | D:4      | Reached XP level 6. HP: 19/56 MP: 6/6
  3346 | D:4      | Found a deep blue altar of Sif Muna.
  3504 | D:5      | Entered Level 5 of the Dungeon
  3529 | D:5      | Paralysed by a giant eyeball for 3 turns
  3535 | D:5      | Paralysed by a giant eyeball for 2 turns
  4061 | D:5      | Reached skill level 5 in Axes
  4162 | D:5      | Paralysed by a giant eyeball for 2 turns
  4183 | D:5      | Paralysed by a giant eyeball for 4 turns
  4190 | D:5      | Paralysed by a giant eyeball for 3 turns
  4305 | D:5      | Acquired Trog's third power
  4319 | D:5      | Got a twisted whip
  4351 | D:5      | Your scales start taking on a rich purple colour.
  4351 | D:5      | Reached XP level 7. HP: 61/61 MP: 7/7
  4361 | D:5      | Reached skill level 5 in Dodging
  4366 | D:5      | Quit the game

Action                   |  1- 3 |  4- 6 |  7- 9 || total
-------------------------+-------+-------+-------++-------
Melee: Hand axe          |    88 |   248 |     6 ||   342
Invok: Berserk           |     1 |     5 |       ||     6
 Abil: Breathe Dispellin |       |       |     1 ||     1
  Use: Scroll            |     5 |     3 |       ||     8
